AA SOUTH
TENNESSEE SMOKIES @ BIRMINGHAM BARONS
10/01/2041
 
TOP OF THE 1ST
Tennessee Smokies batting - Pitching for Birmingham Barons : RHP Toby Barrett
Pitching: RHP Toby Barrett
Batting: LHB Deron Hatfield 0-0: Called Strike
0-1: Ball
1-1: Ball
2-1: Foul Ball, location: 3SF
2-2: Foul Ball, location: 5SF
2-2: DOUBLE (Line Drive, 9LS, EV 111.9 MPH) - OUT at third base trying to stretch hit.
Batting: LHB Eric Roach 0-0: Called Strike
0-1: Ball
1-1: Ball
2-1: Called Strike
2-2: Fly out, F7 (Line Drive, 7, EV 96.3 MPH)
Batting: RHB Chris Morris 0-0: Ball
1-0: Ground out 4-3 (Groundball, 4, EV 85.6 MPH)
Top of the 1st over - 0 runs, 1 hit, 0 errors, 0 left on base; Tennessee 0 - Birmingham 0
BOTTOM OF THE 1ST
Birmingham Barons batting - Pitching for Tennessee Smokies : RHP Leonardo Quintana
Pitching: RHP Leonardo Quintana
Batting: LHB António Rodríguez 0-0: Called Strike
0-1: Called Strike
0-2: Ball
1-2: Ball
2-2: Strikes out swinging
Batting: LHB Jimmy Jayne 0-0: Ball
1-0: Foul Ball, location: 2LF
1-1: Ball
2-1: Fly out, F4 (Popup, 4MD, EV 70.0 MPH)
Batting: RHB Ben Leonard 0-0: Foul Ball, location: 3F
0-1: Foul Ball, location: 2F
0-2: DOUBLE (Flyball, 8RXD, EV 95.6 MPH)
Batting: LHB Ben Rhodes 0-0: Called Strike
0-1: Ball
1-1: Ball
2-1: Ball
3-1: Base on Balls
Batting: RHB Jon Nelson 0-0: Fly out, F4 (Popup, 34S, EV 75.6 MPH)
Bottom of the 1st over - 0 runs, 1 hit, 0 errors, 2 left on base; Tennessee 0 - Birmingham 0
TOP OF THE 2ND
Tennessee Smokies batting - Pitching for Birmingham Barons : RHP Toby Barrett
Batting: LHB Juan De Los Santos 0-0: Called Strike
0-1: Fly out, F8 (Line Drive, 8LM, EV 103.8 MPH)
Batting: RHB Ricky Sargent 0-0: Foul Ball, location: 9LDF
0-1: Ball
1-1: Ball
2-1: Called Strike
2-2: Ball
3-2: Strikes out looking
Batting: LHB Norberto Liñares 0-0: Foul Ball, location: 2F
0-1: Ball
1-1: Ball
2-1: Foul Ball, location: 2F
2-2: Foul Ball, location: 25F
2-2: Ball
3-2: DOUBLE (Flyball, 78D, EV 91.9 MPH)
Batting: RHB Pepe Vega 0-0: Foul Ball, location: 2F
0-1: Swinging Strike
0-2: Foul Ball, location: 7LSF
0-2: Ground out 6-3 (Groundball, 6, EV 110.0 MPH)
Top of the 2nd over - 0 runs, 1 hit, 0 errors, 1 left on base; Tennessee 0 - Birmingham 0
BOTTOM OF THE 2ND
Birmingham Barons batting - Pitching for Tennessee Smokies : RHP Leonardo Quintana
Batting: LHB Sam Stone 0-0: DOUBLE (Flyball, 8RXD, EV 110.6 MPH)
Batting: RHB Derrek Austin 0-0: Called Strike
0-1: Ball
1-1: Swinging Strike
1-2: Strikes out looking
Batting: RHB Artie Smith 0-0: Swinging Strike
0-1: Called Strike
0-2: Foul Ball, location: 23F
0-2: Strikes out swinging
Batting: RHB Héctor Guerrero 0-0: Ground out 5-3 (Groundball, 56, EV 85.6 MPH)
Bottom of the 2nd over - 0 runs, 1 hit, 0 errors, 1 left on base; Tennessee 0 - Birmingham 0
TOP OF THE 3RD
Tennessee Smokies batting - Pitching for Birmingham Barons : RHP Toby Barrett
Batting: RHB Raúl Molina 0-0: Ball
1-0: Ground out 5-3 (Groundball, 5, EV 110.0 MPH)
Batting: RHB Raúl Morales 0-0: Ball
1-0: Called Strike
1-1: Swinging Strike
1-2: SINGLE (Flyball, 5D, EV 90.0 MPH)
Batting: LHB Deron Hatfield 0-0: Called Strike
0-1: Ball
1-1: Called Strike
1-2: Ball
2-2: SINGLE (Line Drive, 56D, EV 67.5 MPH)
Raúl Morales to second
Batting: LHB Eric Roach 0-0: Ball
Raúl Morales is caught stealing 3rd base 2-5
Deron Hatfield to second
1-0: Ball
2-0: Foul Ball, location: 7LMF
2-1: Foul Ball, location: 2F
2-2: Foul Ball, location: 7LSF
2-2: Strikes out swinging
Top of the 3rd over - 0 runs, 2 hits, 0 errors, 1 left on base; Tennessee 0 - Birmingham 0
BOTTOM OF THE 3RD
Birmingham Barons batting - Pitching for Tennessee Smokies : RHP Leonardo Quintana
Batting: LHB António Rodríguez 0-0: Fly out, F8 (Flyball, 89M, EV 93.1 MPH)
Batting: LHB Jimmy Jayne 0-0: Fly out, F9 (Flyball, 9D, EV 105.0 MPH)
Batting: RHB Ben Leonard 0-0: Ball
1-0: Ball
2-0: Called Strike
2-1: Foul Ball, location: 2F
2-2: Ball
3-2: DOUBLE (Line Drive, 7LS, EV 106.9 MPH)
Batting: LHB Ben Rhodes 0-0: Called Strike
0-1: Ball
1-1: Foul Ball, location: 3F
1-2: Ball
2-2: Foul Ball, location: 3F
2-2: Foul Ball, location: 3F
2-2: Strikes out swinging
Bottom of the 3rd over - 0 runs, 1 hit, 0 errors, 1 left on base; Tennessee 0 - Birmingham 0
TOP OF THE 4TH
Tennessee Smokies batting - Pitching for Birmingham Barons : RHP Toby Barrett
Batting: RHB Chris Morris 0-0: Swinging Strike
0-1: Ball
1-1: Ball
2-1: Fly out, F9 (Flyball, 9D, EV 105.6 MPH)
Batting: LHB Juan De Los Santos 0-0: Foul Ball, location: 25FF
0-1: Ball
1-1: Foul Ball, location: 2F
1-2: Strikes out swinging
Batting: RHB Ricky Sargent 0-0: Called Strike
0-1: Ball
1-1: Ground out 6-3 (Groundball, 56, EV 104.4 MPH)
Top of the 4th over - 0 runs, 0 hits, 0 errors, 0 left on base; Tennessee 0 - Birmingham 0
BOTTOM OF THE 4TH
Birmingham Barons batting - Pitching for Tennessee Smokies : RHP Leonardo Quintana
Batting: RHB Jon Nelson 0-0: Ball
1-0: Swinging Strike
1-1: Foul Ball, location: 3SF
1-2: Strikes out looking
Batting: LHB Sam Stone 0-0: Called Strike
0-1: Foul Ball, location: 2F
0-2: Ball
1-2: Ball
2-2: Ball
3-2: Foul Ball, location: 2F
3-2: Fly out, F8 (Flyball, 8RXD, EV 100.0 MPH)
Batting: RHB Derrek Austin 0-0: Ball
1-0: Ball
2-0: Ball
3-0: Called Strike
3-1: Hit by Pitch
Batting: RHB Artie Smith 0-0: Ball
1-0: Ball
2-0: Called Strike
2-1: Foul Ball, location: 2F
2-2: Strikes out swinging
Bottom of the 4th over - 0 runs, 0 hits, 0 errors, 1 left on base; Tennessee 0 - Birmingham 0
TOP OF THE 5TH
Tennessee Smokies batting - Pitching for Birmingham Barons : RHP Toby Barrett
Batting: LHB Norberto Liñares 0-0: Called Strike
0-1: Ball
1-1: Foul Ball, location: 3SF
1-2: Ball
2-2: Ball
3-2: Ground out 4-3 (Groundball, 4, EV 71.9 MPH)
Batting: RHB Pepe Vega 0-0: Called Strike
0-1: Foul Ball, location: 2LF
0-2: Ball
1-2: Ball
2-2: SINGLE (Groundball, 4MD, EV 105.6 MPH)
Batting: RHB Raúl Molina 0-0: Ball
1-0: Called Strike
1-1: SINGLE (Line Drive, 78S, EV 108.1 MPH)
Pepe Vega to second
Batting: RHB Raúl Morales 0-0: Ball
1-0: Reached on error, E5 (Groundball, 56, EV 78.1 MPH)
Pepe Vega to third
Raúl Molina to second
Batting: LHB Deron Hatfield 0-0: Ball
1-0: Called Strike
1-1: Ball
2-1: Called Strike
2-2: Foul Ball, location: 2F
2-2: Strikes out swinging
Batting: LHB Eric Roach 0-0: SINGLE (Groundball, 13S, EV 66.3 MPH) (infield hit)
Pepe Vega scores
Raúl Molina to third
Raúl Morales to second
Batting: RHB Chris Morris 0-0: Called Strike
0-1: Ball
1-1: Ball
2-1: Ball
3-1: SINGLE (Line Drive, 8RS, EV 88.8 MPH)
Raúl Molina scores
Raúl Morales to third
Eric Roach to second
Runner from 3rd tries for Home, SAFE, throw by CF to home
Batting: LHB Juan De Los Santos 0-0: Called Strike
0-1: Swinging Strike
0-2: Ball
1-2: Strikes out swinging
Top of the 5th over - 3 runs, 4 hits, 1 error, 2 left on base; Tennessee 3 - Birmingham 0
BOTTOM OF THE 5TH
Birmingham Barons batting - Pitching for Tennessee Smokies : RHP Leonardo Quintana
Batting: RHB Héctor Guerrero 0-0: Called Strike
0-1: Ball
1-1: Ground out 5-3 (Groundball, 56, EV 100.0 MPH)
Batting: LHB António Rodríguez 0-0: Ball
1-0: Called Strike
1-1: Foul Ball, location: 2F
1-2: Ball
2-2: Ball
3-2: Ground out 4-3 (Groundball, 34, EV 79.4 MPH)
Batting: LHB Jimmy Jayne 0-0: Ball
1-0: Ball
2-0: Ball
3-0: Base on Balls
Batting: RHB Ben Leonard 0-0: Called Strike
0-1: Ball
1-1: Called Strike
1-2: Foul Ball, location: 7LMF
1-2: Ball
2-2: Strikes out swinging
Bottom of the 5th over - 0 runs, 0 hits, 0 errors, 1 left on base; Tennessee 3 - Birmingham 0
TOP OF THE 6TH
Tennessee Smokies batting - Pitching for Birmingham Barons : RHP Toby Barrett
Batting: RHB Ricky Sargent 0-0: Called Strike
0-1: Swinging Strike
0-2: Ball
1-2: Strikes out swinging
Batting: LHB Norberto Liñares 0-0: Ball
1-0: Called Strike
1-1: Ball
2-1: Called Strike
2-2: SINGLE (Flyball, 8RS, EV 91.3 MPH)
Batting: RHB Pepe Vega 0-0: Swinging Strike
0-1: Ball
1-1: Grounds into double play, 5-4-3 (Groundball, 56, EV 95.6 MPH)
Top of the 6th over - 0 runs, 1 hit, 0 errors, 0 left on base; Tennessee 3 - Birmingham 0
BOTTOM OF THE 6TH
Birmingham Barons batting - Pitching for Tennessee Smokies : RHP Leonardo Quintana
Batting: LHB Ben Rhodes 0-0: Ball
1-0: Ball
2-0: Foul Ball, location: 3FF
2-1: Swinging Strike
2-2: Fly out, F6 (Popup, 6M, EV 58.8 MPH)
Batting: RHB Jon Nelson 0-0: Ball
1-0: Called Strike
1-1: Ball
2-1: Ball
3-1: Fly out, F3 (Popup, 3F, EV 71.3 MPH)
Batting: LHB Sam Stone 0-0: Called Strike
0-1: SINGLE (Groundball, 34S, EV 60.6 MPH) (infield hit)
Batting: RHB Derrek Austin 0-0: Foul Ball, location: 2F
0-1: Ball
1-1: Ball
2-1: Fly out, F9 (Flyball, 9D, EV 105.0 MPH)
Bottom of the 6th over - 0 runs, 1 hit, 0 errors, 1 left on base; Tennessee 3 - Birmingham 0
TOP OF THE 7TH
Tennessee Smokies batting - Pitching for Birmingham Barons : RHP Toby Barrett
Batting: RHB Raúl Molina 0-0: Foul Ball, location: 5FF
0-1: Ball
1-1: Called Strike
1-2: Strikes out swinging, 2-3 out at first.
Pitching: RHP Devin Webster
Batting: RHB Raúl Morales 0-0: Ground out 4-3 (Groundball, 4, EV 110.6 MPH)
Batting: LHB Deron Hatfield 0-0: Ball
1-0: Ball
2-0: Ball
3-0: Called Strike
3-1: Base on Balls
Batting: LHB Eric Roach 0-0: Ball
1-0: Ball
2-0: Ball
3-0: Base on Balls
Deron Hatfield to second
Batting: RHB Chris Morris 0-0: Ball
1-0: Ball
2-0: Called Strike
2-1: Foul Ball, location: 23F
2-2: Ball
3-2: Foul Ball, location: 9LDF
3-2: Foul Ball, location: 2F
3-2: Strikes out swinging
Top of the 7th over - 0 runs, 0 hits, 0 errors, 2 left on base; Tennessee 3 - Birmingham 0
BOTTOM OF THE 7TH
Birmingham Barons batting - Pitching for Tennessee Smokies : RHP Leonardo Quintana
Batting: RHB Artie Smith 0-0: Ball
1-0: Ball
2-0: Foul Ball, location: 9LSFF
2-1: Ball
3-1: Fly out, F8 (Flyball, 8RD, EV 105.0 MPH)
Pitching: RHP Raúl González
Pinch Hitting: LHB Bob Woodley 0-0: Called Strike
0-1: Ball
1-1: Swinging Strike
1-2: SINGLE (Groundball, 15S, EV 68.8 MPH) (infield hit)
Batting: LHB António Rodríguez 0-0: Ball
1-0: Called Strike
1-1: Fly out, F6 (Popup, 6MD, EV 58.8 MPH)
Batting: LHB Jimmy Jayne 0-0: Swinging Strike
0-1: Foul Ball, location: 2F
0-2: Strikes out swinging
Bottom of the 7th over - 0 runs, 1 hit, 0 errors, 1 left on base; Tennessee 3 - Birmingham 0
TOP OF THE 8TH
Tennessee Smokies batting - Pitching for Birmingham Barons : RHP Devin Webster
Pitching: LHP Luis González
Now at SS: Kel Humphrey
Batting: LHB Juan De Los Santos 0-0: Ball
1-0: Called Strike
1-1: Foul Ball, location: 5DF
1-2: Foul Ball, location: 2F
1-2: Ground out 4-3 (Groundball, 4, EV 89.4 MPH)
Batting: RHB Ricky Sargent 0-0: Swinging Strike
0-1: Swinging Strike
0-2: Foul Ball, location: 2F
0-2: Ball
1-2: Ball
2-2: Fly out, F8 (Flyball, 8LD, EV 108.1 MPH)
Batting: LHB Norberto Liñares 0-0: Called Strike
0-1: Foul Ball, location: 5FF
0-2: Ball
1-2: Foul Ball, location: 2F
1-2: Ground out 4-3 (Groundball, 4, EV 81.3 MPH)
Top of the 8th over - 0 runs, 0 hits, 0 errors, 0 left on base; Tennessee 3 - Birmingham 0
BOTTOM OF THE 8TH
Birmingham Barons batting - Pitching for Tennessee Smokies : RHP Raúl González
Pitching: RHP Josh Crowe
Batting: RHB Ben Leonard 0-0: Foul Ball, location: 9LDF
0-1: DOUBLE (Flyball, 8RXD, EV 112.5 MPH)
Batting: LHB Ben Rhodes 0-0: Called Strike
0-1: Ball
1-1: Ball
2-1: Foul Ball, location: 2F
2-2: Strikes out swinging
Pinch Hitting: LHB Nathanial Hudson 0-0: Called Strike
0-1: Called Strike
0-2: Foul Ball, location: 2F
0-2: Foul Ball, location: 2F
0-2: Strikes out looking
Batting: LHB Sam Stone 0-0: Ball
1-0: Ball
2-0: Ball
3-0: Called Strike
3-1: Swinging Strike
3-2: Fly out, F8 (Flyball, 8RD, EV 100.6 MPH)
Bottom of the 8th over - 0 runs, 1 hit, 0 errors, 1 left on base; Tennessee 3 - Birmingham 0
TOP OF THE 9TH
Tennessee Smokies batting - Pitching for Birmingham Barons : LHP Luis González
Pitching: RHP Jim May
Now in RF: Jorge Pagán
Batting: RHB Pepe Vega 0-0: Swinging Strike
0-1: Ball
1-1: Ball
2-1: Swinging Strike
2-2: Strikes out swinging
Batting: RHB Raúl Molina 0-0: Ball
1-0: Swinging Strike
1-1: Foul Ball, location: 7LDF
1-2: Strikes out swinging
Batting: RHB Raúl Morales 0-0: Ball
1-0: Ball
2-0: Swinging Strike
2-1: Foul Ball, location: 9LSF
2-2: Strikes out swinging
Top of the 9th over - 0 runs, 0 hits, 0 errors, 0 left on base; Tennessee 3 - Birmingham 0
BOTTOM OF THE 9TH
Birmingham Barons batting - Pitching for Tennessee Smokies : RHP Josh Crowe
Batting: RHB Derrek Austin 0-0: Foul Ball, location: 9LMFF
0-1: Foul Ball, location: 9LSF
0-2: Foul Ball, location: 2F
0-2: Foul Ball, location: 3F
0-2: Ball
1-2: Ball
2-2: Ball
3-2: Foul Ball, location: 23FF
3-2: Base on Balls
Pinch Hitting: LHB José Gonzáles 0-0: Grounds into double play, 6-4-3 (Groundball, 6, EV 108.8 MPH)
Pinch Hitting: LHB Alex Johnston 0-0: Ball
1-0: Ball
2-0: Ground out 4-3 (Groundball, 4, EV 81.9 MPH)
Bottom of the 9th over - 0 runs, 0 hits, 0 errors, 0 left on base; Tennessee 3 - Birmingham 0
Monday, April 1st , 2024 - OOTP Baseball 24.10 Build 82